 Dungeon Crawl Stone Soup version 0.22-a0-538-g76cc104 (webtiles) character file.

49521 iamserjio the Spear-Bearer (level 14, -5/118 HPs)
             Began as an Octopode Berserker on June 23, 2018.
             Was an Elder of Trog.
             Slain by a shadow (35 damage)
             ... on level 15 of the Dungeon.
             The game lasted 01:12:49 (15873 turns).

iamserjio the Spear-Bearer (Octopode Berserker)    Turns: 15873, Time: 01:12:50

Health: -5/118     AC:  1    Str: 25    XL:     14   Next: 51%
Magic:  6/6        EV: 22    Int:  9    God:    Trog [****..]
Gold:   2013       SH:  6    Dex: 16    Spells: 13/13 levels left

rFire    + . .     SeeInvis .   Z - +5 demon trident (antimagic)
rCold    . . .     Gourm    .   t - +1 buckler "Riryink" {rF+ Slay+2}
rNeg     + . .     Faith    .   (helmet restricted)
rPois    .         Spirit   .   V - amulet of Vitality {Regen+ HP+15}
rElec    .         Reflect  .   f - ring of protection from magic
rCorr    +         Harm     .   k - ring of resist corrosion
MR       +++..                  l - ring of positive energy
Stlth    ++++++....             a - +3 ring of dexterity
HPRegen  0.69/turn              r - +5 ring of strength
MPRegen  0.10/turn              B - ring of protection from magic
                                (no ring)
                                (no ring)

@: no status effects
A: almost no armour, stealthy swim, amphibious, 8 rings, constrict 8, camouflage
1, gelatinous body 1
a: Berserk, Trog's Hand, Brothers in Arms, Renounce Religion


You were on level 15 of the Dungeon.
You worshipped Trog.
Trog was greatly pleased with you.
You were hungry.

You visited 2 branches of the dungeon, and saw 17 of its levels.
You also visited: Sewer and Ice Cave.

You collected 2470 gold pieces.
You spent 457 gold pieces at shops.

Inventory:

Hand Weapons
 y - a +3 broad axe
 H - a +3 vampiric executioner's axe
 S - the +0 trident of the Last People {antimagic, rElec Str+3}
   (Trog gifted it to you on level 2 of the Orcish Mines)

   It reduces the magical energy of the wielder, and disrupts the spells and
   magical abilities of those hit.
   Natural abilities and divine invocations are not affected.
   It affects your strength (+3).
   It insulates you from electricity.
 X - a +0 blowgun
 Z - a +5 antimagic demon trident (weapon)
Missiles
 z - 32 tomahawks (quivered)
 N - 2 poisoned javelins
 Q - 3 needles of paralysis {!f}
 T - 4 curare-tipped needles {!f}
Armour
 t - the +1 buckler "Riryink" (worn) {rF+ Slay+2}
   (You found it in a sewer)

   It affects your accuracy and damage with ranged weapons and melee attacks
   (+2).
   It protects you from fire.
Jewellery
 a - a +3 ring of dexterity (on tentacle)
 f - a ring of protection from magic (left tentacle)
 k - a ring of resist corrosion (right tentacle)
 l - a ring of positive energy (on tentacle)
 r - a +5 ring of strength (on tentacle)
 B - a ring of protection from magic (on tentacle)
 E - an uncursed ring of fire
 V - the amulet of Vitality (around mantle) {Regen+ HP+15}
   (You found it in an ice cave)

   [amulet of regeneration]

   It affects your health (+15).
   It increases your rate of regeneration.
Wands
 c - a wand of acid (5)
 C - a wand of flame (8)
 J - a wand of digging (11)
 K - a wand of iceblast (11)
 R - a wand of clouds (3)
Scrolls
 e - 3 scrolls of fear
 g - 11 scrolls of remove curse {@r2}
 h - 9 scrolls of teleportation
 i - a scroll of enchant weapon {unknown}
 m - a scroll of random uselessness {unknown}
 p - 4 scrolls of summoning {unknown}
 q - 2 scrolls of immolation
 v - a scroll of enchant armour
 A - a scroll of identify {@r1}
 G - a scroll of fog {unknown}
 P - a scroll of amnesia {unknown}
 U - a scroll of blinking {unknown}
 W - a scroll of magic mapping {unknown}
Potions
 d - a potion of invisibility {unknown}
 j - 2 potions of ambrosia
 n - a potion of lignification
 s - 3 potions of curing {@q1}
 u - 2 potions of flight
 w - a potion of haste {unknown}
 x - 3 potions of agility
 D - a potion of magic {unknown}
 F - a potion of might
 L - a potion of berserk rage {unknown}
 M - a potion of resistance
 O - 2 potions of heal wounds {unknown}
Miscellaneous
 I - a box of beasts
Comestibles
 b - 17 rations


   Skills:
 + Level 12.3 Fighting
 - Level 14.0 Polearms
 + Level 12.0 Dodging
 - Level 12.1 Stealth
 - Level 4.0 Shields
 - Level 8.0 Evocations


You had 13 spell levels left.
You didn't know any spells.
Your spell library contained the following spells:

 Spells                   Type           Power        Failure   Level  Hunger
 Bolt of Magma            Conj/Fire/Erth #.........   100%        5    ######.
 Confuse                  Hex            #.......     77%         3    ####...
 Venom Bolt               Conj/Pois      #.........   100%        5    ######.
 Iron Shot                Conj/Erth      #.........   100%        6    #######
 Spider Form              Tmut/Pois      #.........   77%         3    ####...
 Blade Hands              Tmut           #.........   100%        5    ######.
 Ice Form                 Ice/Tmut       #.......     99%         4    #####..
 Confusing Touch          Hex            #.....       38%         1    ##.....
 Sticks to Snakes         Tmut           #.......     52%         2    ###....
 Metabolic Englaciation   Hex/Ice        #.........   100%        5    ######.
 Petrify                  Tmut/Erth      #.......     99%         4    #####..
 Orb of Destruction       Conj           #.........   100%        7    #######
 Beastly Appendage        Tmut           #.....       38%         1    ##.....
 Iskenderun's Battlesphe  Conj/Chrm      #.......     100%        5    ######.
 Spellforged Servitor     Conj/Summ      #.........   100%        7    #######
 Gell's Gravitas          Tloc           #.........   77%         3    ####...
 Yara's Violent Unravell  Hex/Tmut       #.........   100%        5    ######.


Dungeon Overview and Level Annotations

Branches:
Dungeon (15/15)            Temple (0/1) D:6            Lair (0/6) D:8
    Orc (2/2) D:11            Elf (0/3) Orc:2        Vaults (0/5) D:14
 Depths: D:15

Altars:
Ashenzari
Dithmenos
Elyvilon
Hepliaklqana
Kikubaaqudgha
Nemelex Xobeh
Okawaru
Qazlal
Sif Muna
Trog
Uskayaw
Vehumet
Xom
Beogh

Shops:
D:10 ((   D:12 (   Orc:2 (([(


Innate Abilities, Weirdness & Mutations

You cannot wear most types of armour.
You are very stealthy in the water. (Stealth+)
You are amphibious.
You can wear up to eight rings at the same time.
You can use your tentacles to constrict eight enemies at once.
Your skin changes colour to match your surroundings (Stealth+).
Your rubbery body absorbs attacks. (AC +1, EV +1)


Message History

You impale the ettin!! You squeeze the ettin.
The ettin is heavily wounded.
You hear a shout!
The ettin is engulfed in blazing flames.
The ettin closely misses you. The ettin hits you with a dire flail!!!
* * * LOW HITPOINT WARNING * * *
Something shouts, "Bolt, thou quaking spur-galled ratsbane!"
Found 21 gold pieces.
The ettin is engulfed in blazing flames.
A shadow comes into view.
The shadow slips into darkness.
The shadow flickers and vanishes!
Deactivating autopickup; reactivate with Ctrl-A.
A shadow imp comes into view.
The shadow imp moves out of view.
As you read the scroll of fear, it crumbles to dust.
You assume a fearsome visage.
The ettin looks frightened!
Found a stone staircase leading up.
The shadow strikes at you from the darkness!
You die...

..§.#.#......#.......
##
....#.#......#......#
...
.............#......#
♣..
##..#.#......#......#
#♣.
##..#.#.............+
♣.
.T....##.....#......#
##..#.#......#......#
#..#.#....#.#......+
#..#.#....+.+..@...#
##..#.#....#.#......#
...........#.#....###
...{..#.#.C.......#
....#..$#..#......# ..
....#####..###.......
..
###..................<
..
....#####..###........
..... .......##..... .


There were no monsters in sight!

Vanquished Creatures
  Rupert (D:14)
  An orc warlord (Orc:2)
  Nessos (D:14)
  Erolcha (Orc:2)
  2 hydras
  2 ice dragons (IceCv)
  6 two-headed ogres
  A centaur warrior (D:15)
  A tengu warrior (D:14)
  3 orc high priests
  Nergalle (Orc:1)
  An unseen horror (D:14)
  A glowing orange brain (D:14)
  2 orc knights
  3 deep elf magi
  A mana viper (shapeshifter) (D:14)
  3 orc sorcerers
  A cyclops (D:14)
  5 ugly things
  A centaur zombie (D:14)
  2 ice statues
  Maurice (D:9)
  5 centaur skeletons
  2 rime drakes (IceCv)
  A kobold demonologist (D:12)
  2 trolls (D:11)
  7 slime creatures (D:15)
  2 hippogriffs
  A wraith (Orc:2)
  Sigmund (D:3)
  A shadow (D:11)
  A vampire (D:14)
  2 wyverns
  18 yaks
  13 humans (D:14)
  2 wargs (Orc:2)
  A hungry ghost (D:7)
  3 vampire mosquitoes (D:15)
  2 acid dragons
  2 water moccasins
  12 ogres
  26 ice beasts
  38 orc warriors
  3 sky beasts
  2 eyes of draining
  4 black bears
  2 phantoms (D:11)
  4 centaurs
  4 big kobolds
  2 crocodiles
  9 bullfrogs
  2 wyvern zombies
  4 scorpions
  2 howler monkeys
  8 crimson imps
  2 bullfrog zombies
  A bullfrog skeleton (D:11)
  3 quasits
  4 hounds
  24 orc priests
  3 jellies
  19 orc wizards
  A gnoll shaman (Orc:1)
  3 iguanas
  Natasha (thrice) (D:2)
  12 worker ants
  A killer bee zombie (D:13)
  A hound skeleton (D:8)
  Robin (D:3)
  A howler monkey zombie (D:9)
  2 worker ant zombies
  11 gnolls
  11 adders
  5 shadow imps
  An adder zombie (D:6)
  An adder skeleton (D:8)
  A worm (D:3)
  5 dart slugs
  5 leopard geckos
  101 orcs
  7 ball pythons
  7 bats
  15 giant cockroaches
  20 goblins
  9 hobgoblins
  10 jackals
  7 quokkas
  12 frilled lizards
  2 jackal skeletons
  A jackal zombie (D:7)
  27 kobolds
  A leopard gecko skeleton (D:4)
  7 rats
576 creatures vanquished.

Vanquished Creatures (collateral kills)
  An orc warlord (Orc:1)
  Josephine (Orc:2)
  2 orc knights (Orc:1)
  An ugly thing (D:11)
  An ice statue (IceCv)
  A troll (Orc:2)
  4 slime creatures (D:12)
  4 wraiths (Orc:2)
  4 orc warriors
  An ogre (Orc:1)
  An orc priest (Orc:1)
  2 orc wizards
  A howler monkey zombie (D:11)
  2 orcs
26 creatures vanquished.

Vanquished Creatures (others)
  A human (D:14)
  4 orc warriors (Orc:1)
  2 orc priests (Orc:1)
  2 orc wizards
  A gnoll (D:2)
  An orc (Orc:1)
  A plant (D:14)
12 creatures vanquished.

Grand Total: 614 creatures vanquished

Notes
Turn   | Place    | Note
-------+----------+-------------------------------------------
     0 | D:1      | iamserjio the Octopode Berserker began the quest for the Orb.
     0 | D:1      | Reached XP level 1. HP: 16/16 MP: 1/1
   148 | D:1      | Reached XP level 2. HP: 21/21 MP: 2/2
   350 | D:1      | Reached skill level 1 in Stealth
   358 | D:1      | Reached XP level 3. HP: 26/26 MP: 3/3
   689 | D:1      | Reached ** piety under Trog
   894 | D:2      | Noticed Natasha
   902 | D:2      | Killed Natasha
   902 | D:2      | Reached skill level 4 in Polearms
   902 | D:2      | Reached XP level 4. HP: 31/31 MP: 4/4
   955 | D:2      | Found a sparkling altar of Nemelex Xobeh.
  1113 | D:2      | Found an ancient bone altar of Kikubaaqudgha.
  1227 | D:2      | Found a radiant altar of Vehumet.
  1235 | D:2      | Noticed Natasha
  1406 | D:2      | Killed Natasha
  1406 | D:2      | Reached XP level 5. HP: 36/36 MP: 5/5
  1818 | D:2      | Noticed Natasha
  1829 | D:2      | Killed Natasha
  1981 | D:3      | Found a bloodstained altar of Trog.
  2015 | D:3      | Found a glowing drain.
  2027 | D:3      | Reached *** piety under Trog
  2037 | D:3      | Reached skill level 5 in Polearms
  2041 | Sewer    | Entered a sewer
  2140 | Sewer    | Reached XP level 6. HP: 30/42 MP: 6/6
  2148 | Sewer    | Got a twisted buckler
  2450 | D:3      | Noticed Robin
  2478 | D:3      | Killed Robin
  2550 | D:3      | Reached **** piety under Trog
  3013 | D:3      | Found a shadowy altar of Dithmenos.
  3049 | D:3      | Noticed Sigmund
  3066 | D:3      | Killed Sigmund
  3066 | D:3      | Reached XP level 7. HP: 27/47 MP: 7/7
  3144 | D:3      | Identified the +1 buckler "Riryink" {rF+ Slay+2} (You found it in a sewer)
  3176 | D:4      | Found a shimmering altar of Xom.
  3198 | D:4      | Reached skill level 6 in Polearms
  3294 | D:4      | Reached skill level 5 in Stealth
  3294 | D:4      | Reached skill level 1 in Shields
  3744 | D:3      | Found an iron altar of Okawaru.
  3744 | D:3      | Found a hazy altar of Hepliaklqana.
  3788 | D:5      | Entered Level 5 of the Dungeon
  3803 | D:5      | Reached XP level 8. HP: 51/54 MP: 8/8
  3819 | D:5      | Reached skill level 5 in Dodging
  4368 | D:5      | Reached skill level 7 in Polearms
  4551 | D:6      | Reached skill level 5 in Fighting
  4581 | D:6      | Found a staircase to the Ecumenical Temple.
  4658 | D:6      | Reached XP level 9. HP: 61/61 MP: 9/9
  4801 | D:6      | Reached ***** piety under Trog
  4927 | D:6      | Reached skill level 8 in Polearms
  5100 | D:6      | Found a hide-covered altar of Uskayaw.
  5266 | D:7      | Found a white marble altar of Elyvilon.
  5700 | D:7      | Received a gift from Trog
  6184 | D:8      | Reached skill level 1 in Evocations
  6258 | D:8      | Reached skill level 9 in Polearms
  6281 | D:8      | Found a deep blue altar of Sif Muna.
  6577 | D:8      | Found a staircase to the Lair.
  6578 | D:8      | Noticed a komodo dragon
  7099 | D:9      | Found a stormy altar of Qazlal.
  7124 | D:9      | Reached XP level 10. HP: 68/68 MP: 11/11
  7186 | D:9      | Noticed an ice statue
  7309 | D:9      | Found a shattered altar of Ashenzari.
  7644 | D:9      | Noticed Maurice
  7649 | D:9      | Killed Maurice
  8140 | D:10     | Entered Level 10 of the Dungeon
  8216 | D:9      | Killed an ice statue
  8397 | D:10     | Reached skill level 10 in Polearms
  8658 | D:10     | Found Wofez's Weapon Shop.
  8818 | D:10     | Found Haatareh's Weapon Emporium.
  9171 | D:11     | Noticed a purple ugly thing
  9181 | D:11     | Reached skill level 10 in Stealth
  9181 | D:11     | Reached XP level 11. HP: 75/75 MP: 14/14
  9189 | D:11     | Killed a purple ugly thing
  9333 | D:11     | Noticed a two-headed ogre
  9342 | D:11     | Killed a two-headed ogre
  9342 | D:11     | Reached skill level 5 in Evocations
  9525 | D:11     | Reached skill level 11 in Polearms
  9615 | D:11     | Noticed a two-headed ogre
  9627 | D:11     | Killed a two-headed ogre
  9653 | D:11     | Found a staircase to the Orcish Mines.
 10106 | D:12     | Noticed a green ugly thing
 10120 | D:12     | Killed a green ugly thing
 10340 | D:12     | Received a gift from Trog
 10603 | D:12     | Noticed a deep elf mage
 10619 | D:12     | Killed a deep elf mage
 10639 | D:12     | You fall through a shaft for 2 floors!
 10639 | D:14     | Found a shadowy altar of Dithmenos.
 10641 | D:14     | Noticed a mana viper
 10641 | D:14     | a hippogriff changed into a mana viper
 10651 | D:14     | Killed a mana viper
 10658 | D:14     | Noticed a two-headed ogre
 10666 | D:14     | Killed a two-headed ogre
 10666 | D:14     | Reached XP level 12. HP: 84/84 MP: 5/16
 10833 | D:14     | Reached skill level 12 in Polearms
 11470 | D:12     | Found Peggisas's Antique Weapon Emporium.
 11615 | Orc:1    | Entered Level 1 of the Orcish Mines
 11774 | Orc:1    | Noticed Nergalle
 11787 | Orc:1    | Killed Nergalle
 11894 | Orc:1    | Noticed an orc warlord
 11909 | Orc:1    | Killed an orc warlord
 11990 | Orc:1    | Found a roughly hewn altar of Beogh.
 11990 | Orc:1    | Noticed an orc high priest
 12217 | Orc:1    | Killed an orc high priest
 12411 | Orc:2    | Entered Level 2 of the Orcish Mines
 12411 | Orc:2    | Found a roughly hewn altar of Beogh.
 12575 | Orc:2    | Found a roughly hewn altar of Beogh.
 12578 | Orc:2    | Found Siaff's Weapon Boutique.
 12578 | Orc:2    | Noticed an orc high priest
 12586 | Orc:2    | Killed an orc high priest
 12599 | Orc:2    | Bought 3 needles of paralysis for 23 gold pieces
 12661 | Orc:2    | Reached skill level 10 in Fighting
 12661 | Orc:2    | Reached XP level 13. HP: 92/92 MP: 5/17
 12698 | Orc:2    | Found a roughly hewn altar of Beogh.
 12725 | Orc:2    | Found a roughly hewn altar of Beogh.
 12782 | Orc:2    | Found a roughly hewn altar of Beogh.
 12785 | Orc:2    | Received a gift from Trog
 12798 | Orc:2    | Got a jewelled trident {god gift}
 12847 | Orc:2    | Noticed Erolcha
 12859 | Orc:2    | Killed Erolcha
 12859 | Orc:2    | Reached skill level 13 in Polearms
 12920 | Orc:2    | Found a staircase to the Elven Halls.
 12929 | Orc:2    | Noticed Josephine
 12953 | Orc:2    | Killed Josephine
 12953 | Orc:2    | Reached skill level 10 in Dodging
 12965 | Orc:2    | Found a roughly hewn altar of Beogh.
 12981 | Orc:2    | Found a frozen archway.
 13006 | IceCv    | Entered an ice cave
 13487 | IceCv    | Noticed an ice dragon
 13487 | IceCv    | Noticed an ice dragon
 13488 | IceCv    | Found the amulet of Vitality {Regen+ HP+15}
 13502 | IceCv    | Killed an ice dragon
 13582 | IceCv    | Killed an ice dragon
 13838 | Orc:2    | Found a roughly hewn altar of Beogh.
 14044 | Orc:2    | Received a gift from Trog
 14057 | Orc:2    | Noticed an orc warlord
 14072 | Orc:2    | Killed an orc warlord
 14144 | Orc:2    | Found a roughly hewn altar of Beogh.
 14144 | Orc:2    | Found Tukaifuu's Antique Armour Shop.
 14154 | Orc:2    | Found Wyariek's Antique Weapon Boutique.
 14169 | Orc:2    | Bought a fine bardiche for 434 gold pieces
 14171 | Orc:2    | Identified the +0 trident of the Last People {antimagic, rElec Str+3} (Trog gifted it to you on level 2 of the Orcish Mines)
 14181 | Orc:2    | Identified the +4 bardiche of Sequestration {protect, Str+2} (You bought it in a shop on level 2 of the Orcish Mines)
 14223 | Orc:2    | Found a roughly hewn altar of Beogh.
 14230 | Orc:2    | Found Eraj's Weapon Shoppe.
 14909 | D:14     | Found a gate to the Vaults.
 14909 | D:14     | Noticed Nessos
 14909 | D:14     | Noticed Rupert
 15132 | D:14     | Reached XP level 14. HP: 101/101 MP: 6/19
 15173 | D:14     | Killed Rupert
 15173 | D:14     | Reached skill level 14 in Polearms
 15369 | D:14     | Killed Nessos
 15452 | D:15     | Entered Level 15 of the Dungeon
 15873 | D:15     | Slain by a shadow

Vault maps used:
D:1:      minmay_arrival_jagged, st_stairs_13
D:2:      nemelex_xobeh_ov_fountains_minmay, kiku_gazebo_garden_becter,
          fiery_altar_vehumet, uniq_natasha
D:3:      lemuel_coloured_pillars_altar, nicolae_overflow_hidden_temple,
          first_ration, portal_sewer_entry_f, trog_butcher_becter, uniq_robin,
          uniq_sigmund
D:4:      old_standard_altar, hangedman_abyss_or_decor_lesser_grid
D:6:      marbit_many_paths, minmay_temple_entry_glass
D:7:      elyvilon_altar_5, minmay_misc_feat_square
D:8:      lemuel_doored_altar, david_lair_shrubbed
D:9:      minmay_statue_hallways, kennysheep_little_box,
          cheibrodos_ashenzari_chains, uniq_maurice
D:10:     serial_shops, nicolae_shop_statue_plus, nicolae_shop_stone
D:11:     orc_0_dummy
D:12:     serial_shops, shop_fountains
D:13:     minmay_door_square
D:14:     david_vaults_3, nicolae_dithmenos_through_a_glass_darkly,
          grunt_tengu_nest
D:15:     hangedman_depths_entry_civil_slaughter, hangedman_decor_slide_cut,
          serial_shops, shop_statue, minmay_stone_trees_medium
Orc:1:    orc_temple, uniq_nergalle
Orc:2:    grunt_orc_community_town_hall, grunt_orc_community_big_house_1,
          grunt_orc_community_big_house_2, grunt_orc_community_house_3,
          grunt_orc_community_house_1, grunt_orc_community_house_1,
          grunt_orc_community_house_2, grunt_orc_community_house_1,
          grunt_orc_community_house_2, portal_ice_cave_entry_ice_beasts,
          basic_altar, uniq_josephine, uniq_erolcha
Sewer:    sewer_frog_island_01
IceCv:    ice_cave_small_dragons

Skill      XL: |  1  2  3  4  5  6  7  8  9 10 11 12 13 14 |
---------------+-------------------------------------------+-----
Stealth        | 1 2 3 4 5 6 8 10 11 12 | 12.1
Polearms       | 4 5 6 7 9 10 11 12 13 14 | 14.0
Dodging        | 4 5 6 7 9 11 12 | 12.0
Fighting       | 4 5 6 7 8 10 11 12 | 12.3
Shields        | 1 3 4 |  4.0
Evocations     | 2 4 6 7 8 |  8.0

Action                   |  1- 3 |  4- 6 |  7- 9 | 10-12 | 13-15 || total
-------------------------+-------+-------+-------+-------+-------++-------
Melee: Spear             |    56 |   212 |   345 |   236 |       ||   849
       Constrict         |    15 |    53 |    60 |    80 |    45 ||   253
       Tentacles         |     9 |    36 |    73 |   153 |   101 ||   372
       Unarmed           |       |     5 |       |       |       ||     5
       Trident           |       |       |       |   145 |       ||   145
       Demon trident     |       |       |       |   274 |   444 ||   718
Throw: Stone             |       |     2 |       |     1 |       ||     3
       Tomahawk          |       |       |       |     1 |     5 ||     6
Invok: Berserk           |     1 |     3 |     7 |     9 |     5 ||    25
       Trog's Hand       |       |     1 |     1 |     5 |     9 ||    16
       Brothers in Arms  |       |       |       |     6 |     7 ||    13
Evoke: Wand              |       |       |       |    40 |    14 ||    54
  Use: Scroll            |       |       |     8 |     6 |     3 ||    17
       Potion            |       |       |     2 |       |     1 ||     3
 Stab: Sleeping          |     5 |    15 |    27 |    33 |    15 ||    95
       Distracted        |       |     1 |       |     3 |     6 ||    10
  Eat: Chunk             |       |    10 |    14 |    27 |    14 ||    65
       Ration            |       |       |     5 |     1 |     2 ||     8
Armor: Skin              |     1 |     4 |    21 |     6 |     5 ||    37
Dodge: Dodged            |    18 |    80 |   109 |   182 |   149 ||   538
Block: Buckler           |       |       |    47 |    82 |    50 ||   179

Table legend:
 A = Spawn XP
 B = Non-spawn XP
 C = Spawn XP percentage of total XP
 D = Spawn monster count
 E = Non-spawn monster count
 F = Spawn count percentage of total count
 G = Total turns spent on level
                    A         B        C        D         E        F      G
               +---------+---------+-------+---------+---------+-------+---------
         Total |       0 |   70745 |   0.0 |       0 |     608 |   0.0 | 15873
               +---------+---------+-------+---------+---------+-------+---------
           D:1 |       0 |      48 |   0.0 |       0 |      23 |   0.0 |   894
           D:2 |       0 |     215 |   0.0 |       0 |      25 |   0.0 |  1087
           D:3 |       0 |     396 |   0.0 |       0 |      54 |   0.0 |   869
           D:4 |       0 |     376 |   0.0 |       0 |      18 |   0.0 |   622
           D:5 |       0 |     765 |   0.0 |       0 |      20 |   0.0 |   737
           D:6 |       0 |     832 |   0.0 |       0 |      24 |   0.0 |   594
           D:7 |       0 |    1004 |   0.0 |       0 |      22 |   0.0 |   930
           D:8 |       0 |     330 |   0.0 |       0 |      21 |   0.0 |  1017
           D:9 |       0 |    2307 |   0.0 |       0 |      22 |   0.0 |  1167
          D:10 |       0 |    1806 |   0.0 |       0 |      21 |   0.0 |   783
          D:11 |       0 |    5730 |   0.0 |       0 |      41 |   0.0 |  1026
          D:12 |       0 |    3391 |   0.0 |       0 |      31 |   0.0 |   779
          D:13 |       0 |    1406 |   0.0 |       0 |       8 |   0.0 |   563
          D:14 |       0 |   18169 |   0.0 |       0 |      51 |   0.0 |  1154
          D:15 |       0 |    8419 |   0.0 |       0 |      22 |   0.0 |   421
         Orc:1 |       0 |    6982 |   0.0 |       0 |      53 |   0.0 |   849
         Orc:2 |       0 |   13393 |   0.0 |       0 |     114 |   0.0 |  1342
         Sewer |       0 |     130 |   0.0 |       0 |      18 |   0.0 |   316
         IceCv |       0 |    5046 |   0.0 |       0 |      20 |   0.0 |   723
               +---------+---------+-------+---------+---------+-------+---------
